 Dungeon Crawl Stone Soup version 0.13.1-27-ga479965 (webtiles) character file.

18339 Chiseanne the Thaumaturge (level 12, -7/74 HPs)
             Began as a Mummy Fire Elementalist on Feb 15, 2014.
             Was an Elder of Vehumet.
             Hit by a large rock thrown by a stone giant (25 damage)
             ... on Level 4 of the Orcish Mines on Feb 16, 2014.
             The game lasted 01:48:06 (30863 turns).

Chiseanne the Thaumaturge (MuFE)                   Turns: 30863, Time: 01:48:06

HP  -7/74        AC  8     Str 11      XL: 12   Next: 19%
MP  11/32        EV 12     Int 18      God: Vehumet [****..]
Gold 863         SH  0     Dex 12      Spells:  8 memorised, 15 levels left

Res.Fire  : + + .   See Invis. : .   a - staff of wizardry
Res.Cold  : x . .   Warding    : .   w - +4 robe of Miracles {rPois rF+}
Life Prot.: + + +   Conserve   : .   (no shield)
Res.Poison: +       Res.Corr.  : +   D - +2 wizard hat
Res.Elec. : .       Clarity    : .   (no cloak)
Sust.Abil.: . .     Spirit.Shd : .   (no gloves)
Res.Mut.  : .       Stasis     : .   (no boots)
Res.Rott. : +       Flight     : .   j - amulet of resist corrosion
Saprovore : . . .                    L - ring of fire
                                     M - ring of fire

@: quite resistant to hostile enchantments, fairly stealthy
A: no food or potions, fire vulnerability, restore body, cold resistance 1, life
protection 3, poison resistance, torment resistance, unbreathing
a: Renounce Religion


You were on level 4 of the Orcish Mines.
You worshipped Vehumet.
Vehumet was greatly pleased with you.
You were not hungry.

You visited 3 branches of the dungeon, and saw 15 of its levels.
You also visited: Volcano.

You collected 1668 gold pieces.
You spent 825 gold pieces at shops.

Inventory:

Hand weapons
 d - a +0,+1 whip of electrocution
 f - a +0,+5 orcish dagger of venom {*Bienenstich*}
 g - a cursed +1,+1 dagger of speed
 m - the +0,+12 whip "Gram" {slash, SInv}
   (You bought it in a shop on level 4 of the Orcish Mines)

   It inflicts extra damage upon your enemies.
   It enhances your eyesight.
 s - the cursed +6,+5 long sword of the Lame Duck {venom, Dex+3}
   (You found it on level 10 of the Dungeon)

   It poisons the flesh of those it strikes.
   It affects your dexterity (+3).
   It has a curse placed upon it.
Missiles
 c - 15 bolts
 h - 35 arrows
 i - 67 stones (quivered)
 l - 25 sling bullets
 t - 5 exploding sling bullets
 z - 17 poisoned needles
 F - 23 sling bullets of flame
 H - 14 bolts of flame
Armour
 p - a +2 leather armour of fire resistance
 w - the +4 robe of Miracles (worn) {rPois rF+}
   (You took it off a hobgoblin on level 5 of the Dungeon)

   It protects you from fire.
   It protects you from poison.
 x - a +1 dwarven buckler
 C - a +0 orcish shield
 D - a +2 wizard hat (worn)
 G - a +2 robe of fire resistance
 K - a +0 troll hide
 N - a +2 leather armour of fire resistance
Magical devices
 e - a wand of teleportation (0)
 v - a wand of enslavement (0)
 y - a wand of flame (5)
 J - a wand of digging (6)
Scrolls
 u - 3 scrolls of identify
Jewellery
 j - an amulet of resist corrosion (around neck)
 k - a cursed +6 ring of evasion
 r - an uncursed ring of flight
 A - a +3 ring of protection
 E - an uncursed amulet of resist mutation
 I - an uncursed amulet of rage
 L - a ring of fire (right hand)
 M - a ring of fire (left hand)
Books
 b - a book of Flames

   Spells                             Type                      Level
   *Flame Tongue                      Conjuration/Fire             1
   *Throw Flame                       Conjuration/Fire             2
   *Conjure Flame                     Conjuration/Fire             3
   *Inner Flame                       Hexes/Fire                   3
   Sticky Flame                       Conjuration/Fire             4
   *Fireball                          Conjuration/Fire             5
 n - a book of the Warp

   Spells                             Type                      Level
   Recall                             Summoning/Translocation      3
   Control Teleport                   Charms/Translocation         4
   Phase Shift                        Translocation                5
   Warp Weapon                        Charms/Translocation         5
   Dispersal                          Translocation                6
   Controlled Blink                   Translocation                7
   Disjunction                        Translocation                8
 q - Bry Muenk's Almanac of Arcane Weapons
   (You found it on level 6 of the Dungeon)

   Spells                             Type                      Level
   Sting                              Conjuration/Poison           1
   Throw Frost                        Conjuration/Ice              2
   *Throw Flame                       Conjuration/Fire             2
   *Iskenderun's Mystic Blast         Conjuration                  4
   Throw Icicle                       Conjuration/Ice              4
   *Delayed Fireball                  Conjuration/Fire             7
 B - a book of Party Tricks

   Spells                             Type                      Level
   Summon Butterflies                 Summoning                    1
   Apportation                        Translocation                1
   Blink                              Translocation                2
   Alistair's Intoxication            Transmutation/Poison         4
   Tukima's Dance                     Hexes                        5
Magical staves
 a - an uncursed staff of wizardry (weapon)
Miscellaneous
 o - a lamp of fire (inert)


   Skills:
 - Level 1.5 Dodging
 - Level 1.5 Stealth
 * Level 13.7 Spellcasting
 * Level 10.9 Conjurations
 - Level 2.4 Fire Magic


You had 15 spell levels left.
You knew the following spells:

 Your Spells              Type           Power        Failure   Level  Hunger
a - Flame Tongue          Conj/Fire      #####        1%          1    N/A
b - Throw Flame           Conj/Fire      ######       1%          2    N/A
c - Conjure Flame         Conj/Fire      ######..     1%          3    N/A
d - Inner Flame           Hex/Fire       #####...     1%          3    N/A
e - Fireball              Conj/Fire      ######....   1%          5    N/A
f - Iskenderun's Mystic   Conj           ######..     1%          4    N/A
g - Mephitic Cloud        Conj/Pois/Air  ####....     1%          3    N/A
h - Delayed Fireball      Conj/Fire      N/A          54%         7    N/A

Dungeon Overview and Level Annotations

Branches:
Dungeon (10/27)            Temple (1/1) D:4             Orc (4/4) D:9
    Elf (0/3) Orc:4
   Lair: D:8-13

Altars:
Ashenzari
Cheibriados
Elyvilon
Fedhas
Kikubaaqudgha
Makhleb
Nemelex Xobeh
Okawaru
Sif Muna
Trog
Vehumet
Xom
Yredelemnul
Zin
the Shining One
Beogh

Shops:
D:6 %   D:7 [   Orc:1 =   Orc:2 !   Orc:4 (

Annotations:
D:3 Grinder, Terence


Innate Abilities, Weirdness & Mutations

You do not eat or drink.
Your flesh is vulnerable to fire.
Your flesh is cold resistant.
You are immune to negative energy.
Your system is resistant to poisons.
You are immune to unholy pain and torment.
You can survive without breathing.


Message History

The stone giant throws a large rock.
The large rock hits you!
Casting: Fireball
Confirm with . or Enter, or press ? or * to list all spells.
Aiming: Fireball
Press: ? - help, Shift-Dir - straight line You feel a strong surge of power!
The fireball explodes!
The fireball engulfs the stone giant.
The stone giant is heavily wounded.
The stone giant throws a large rock.
The large rock hits you!
Casting: Fireball
Confirm with . or Enter, or press ? or * to list all spells.
Aiming: Fireball
Press: ? - help, Shift-Dir - straight line You feel a strong surge of power!
The fireball explodes!
The fireball engulfs the stone giant.
The stone giant is severely wounded.
The stone giant throws a large rock.
The large rock hits you!
* * * LOW HITPOINT WARNING * * *
The stone giant throws a large rock.
The large rock hits you!
You die...

.......(.....#.....##
.................###
......).....>....####
.......(...[[.......## #
.....C(........#.....#.##
......[.[....##.........#
......(........#.....#.##
...........#.......### #
......§§...#....@..##
.....§..e.#.........#
.....§§..#)<).[....##
.....(..)C..[).)....#
...%.<.......[...[.##
.....).........[...##...
......[....................
..............[...........
..........................


You could see a stone giant.

Vanquished Creatures
  Gastronok (D:9)
  3 ettins (Orc:4)
  An unseen horror (D:10)
  Pikel (D:5)
  An orc knight (Orc:3)
  4 cyclopes
  Joseph (D:9)
  A fire drake (Orc:3)
  2 two-headed ogres (D:10)
  4 trolls
  2 flying skulls (Volcano)
  A griffon skeleton (D:10)
  2 deep elf magi (Orc:4)
  A wraith (D:10)
  Eustachio (D:5)
  A hill giant skeleton (D:8)
  A manticore (D:9)
  Edmund (D:6)
  2 sky beasts
  A slave (D:5)
  A black bear (D:10)
  11 ogres
  14 orc warriors
  3 ice beasts
  4 centaurs
  6 phantoms
  Sigmund (D:6)
  2 wargs
  3 giant frogs
  A manticore zombie (D:8)
  A cyclops skeleton (D:10)
  2 jellies
  4 killer bees (D:9)
  A quasit (D:10)
  3 goliath beetles
  5 crimson imps
  6 scorpions
  A giant frog zombie (D:6)
  29 orc wizards
  6 hounds
  A gnoll shaman (D:4)
  20 orc priests
  A centaur skeleton (D:7)
  3 iguanas
  7 worker ants
  A killer bee zombie (D:8)
  A boggart (D:9)
  An ogre skeleton (D:7)
  3 mummies (Volcano)
  15 adders
  A worker ant zombie (D:6)
  9 gnolls
  A giant centipede (D:9)
  4 worms
  An ufetubus (D:6)
  A grey rat (D:6)
  5 giant eyeballs
  11 giant geckos
  An ooze (D:3)
  145 orcs
  6 ball pythons
  A bat skeleton (D:8)
  A bat zombie (D:5)
  4 giant cockroaches
  20 goblins
  22 hobgoblins
  10 jackals
  11 kobolds
  5 quokkas
  A ball python skeleton (D:4)
  24 bats
  5 giant newts
  2 giant spores
  A goblin skeleton (D:4)
  A hobgoblin skeleton (D:4)
  A hobgoblin zombie (D:9)
  A kobold skeleton (D:4)
  2 kobold zombies
  A quokka skeleton (D:2)
  14 rats
  2 rat skeletons
  A ballistomycete (D:7)
  2 butterflies (D:5)
  2 fungi (Orc:4)
508 creatures vanquished.

Vanquished Creatures (collateral kills)
  An orc warrior (Orc:3)
1 creature vanquished.

Vanquished Creatures (others)
  A phantom (D:5)
  A centaur (D:5)
  2 adders (D:5)
  A giant gecko (D:5)
  A goblin (D:5)
  2 giant spores (D:7)
  3 butterflies (D:5)
11 creatures vanquished.

Grand Total: 520 creatures vanquished

Notes
Turn   | Place    | Note
--------------------------------------------------------------
     0 | D:1      | Chiseanne, the Mummy Fire Elementalist, began the quest for the Orb.
     0 | D:1      | Reached XP level 1. HP: 13/13 MP: 3/3
   211 | D:1      | Reached skill level 1 in Conjurations
   399 | D:1      | Reached XP level 2. HP: 19/19 MP: 4/4
  1349 | D:2      | Learned a level 2 spell: Throw Flame
  1427 | D:2      | Reached XP level 3. HP: 21/24 MP: 4/6
  1531 | D:2      | Learned a level 3 spell: Conjure Flame
  2685 | D:2      | Reached XP level 4. HP: 17/30 MP: 4/8
  9555 | D:1      | Noticed a wyvern
  9571 | D:2      | Reached skill level 3 in Spellcasting
  9640 | D:2      | Learned a level 3 spell: Inner Flame
  9873 | D:3      | Noticed Terence
 10193 | D:3      | Reached XP level 5. HP: 30/35 MP: 11/11
 10414 | D:3      | Noticed Grinder
 10487 | D:3      | Paralysed by Grinder for 7 turns
 10504 | D:3      | Paralysed by Grinder for 2 turns
 10873 | D:4      | Reached skill level 4 in Spellcasting
 11218 | D:4      | Reached XP level 6. HP: 25/41 MP: 11/14
 11366 | D:4      | Noticed an ogre
 11410 | D:4      | Killed an ogre
 11583 | D:4      | Found a staircase to the Ecumenical Temple.
 11595 | Temple   | Entered the Ecumenical Temple
 11834 | Temple   | Became a worshipper of Vehumet
 12156 | D:4      | Reached skill level 5 in Spellcasting
 12246 | D:4      | Learned a level 5 spell: Fireball
 12318 | D:3      | Paralysed by Grinder for 5 turns
 12806 | D:4      | Reached XP level 7. HP: 46/46 MP: 5/18
 13149 | D:5      | Entered Level 5 of the Dungeon
 13735 | D:5      | Reached skill level 6 in Spellcasting
 14049 | D:5      | Got a bloodstained robe
 14101 | D:5      | Identified the +4 robe of Miracles {rPois rF+} (You took it off a hobgoblin on level 5 of the Dungeon)
 14261 | D:5      | Reached XP level 8. HP: 49/52 MP: 12/21
 14343 | D:5      | Acquired Vehumet's first power
 14343 | D:5      | Offered knowledge of Sandblast by Vehumet.
 14586 | D:5      | Reached skill level 7 in Spellcasting
 14586 | D:5      | Reached skill level 5 in Conjurations
 14759 | D:5      | Noticed Pikel
 14772 | D:5      | Killed Pikel
 14892 | D:5      | Reached skill level 8 in Spellcasting
 14984 | D:5      | Found a white marble altar of Elyvilon.
 15490 | D:6      | Identified Bry Muenk's Almanac of Arcane Weapons (You found it on level 6 of the Dungeon)
 15498 | D:6      | Learned a level 4 spell: Iskenderun's Mystic Blast
 15502 | D:6      | Noticed Sigmund
 15548 | D:6      | Found Soxzas' Food Shoppe.
 15847 | D:6      | Killed Sigmund
 16214 | D:6      | Reached XP level 9. HP: 57/57 MP: 14/24
 16289 | D:6      | Noticed Eustachio
 16290 | D:6      | Noticed Edmund
 16519 | D:5      | Killed Eustachio
 16519 | D:5      | Offered knowledge of Searing Ray by Vehumet.
 16867 | D:6      | Killed Edmund
 16895 | D:6      | Reached skill level 9 in Spellcasting
 17013 | D:6      | Found a shimmering altar of Xom.
 17013 | D:6      | Found a deep blue altar of Sif Muna.
 17297 | D:7      | Found Pilairi's Antique Armour Shoppe.
 18881 | D:8      | Reached skill level 10 in Spellcasting
 18892 | D:8      | Offered knowledge of Mephitic Cloud by Vehumet.
 19025 | D:8      | Learned a level 3 spell: Mephitic Cloud
 19171 | D:8      | Acquired Vehumet's second power
 19190 | D:8      | Reached XP level 10. HP: 45/63 MP: 9/27
 19305 | D:7      | Found a white marble altar of Elyvilon.
 19747 | D:8      | Learned a level 7 spell: Delayed Fireball
 19755 | D:9      | Noticed Joseph
 19763 | D:9      | Killed Joseph
 20599 | D:9      | Offered knowledge of Static Discharge by Vehumet.
 20804 | D:9      | Paralysed by a giant eyeball for 3 turns
 21347 | D:9      | Reached skill level 11 in Spellcasting
 21495 | D:9      | Noticed Gastronok
 21521 | D:9      | Killed Gastronok
 21722 | D:9      | Found a staircase to the Orcish Mines.
 21788 | D:10     | Entered Level 10 of the Dungeon
 21799 | D:10     | Got a crystal long sword
 21805 | D:10     | Acquired Vehumet's third power
 21997 | D:10     | Identified the +6,+5 long sword of the Lame Duck {venom, Dex+3} (You found it on level 10 of the Dungeon)
 22074 | D:10     | Offered knowledge of Stone Arrow by Vehumet.
 22575 | D:10     | Reached XP level 11. HP: 68/68 MP: 25/29
 23072 | D:10     | Killed an unseen horror
 23311 | D:10     | Reached skill level 12 in Spellcasting
 24116 | Orc:1    | Entered Level 1 of the Orcish Mines
 24131 | Orc:1    | Found Hunoups' Jewellery Emporium.
 24141 | Orc:1    | Bought an uncursed ring of fire for 300 gold pieces
 24146 | Orc:1    | Bought an uncursed amulet of inaccuracy for 30 gold pieces
 24152 | Orc:1    | Bought an uncursed ring of fire for 300 gold pieces
 25056 | Orc:1    | Found a roughly hewn altar of Beogh.
 25101 | Orc:1    | You fall through a shaft!
 25355 | Orc:2    | Offered knowledge of Bolt of Cold by Vehumet.
 25804 | Orc:2    | Found Qeided's Distillery.
 26974 | Orc:3    | Found a dark tunnel.
 26984 | Volcano  | Entered a volcano
 27017 | Volcano  | Reached skill level 10 in Conjurations
 28083 | Orc:4    | Entered Level 4 of the Orcish Mines
 28083 | Orc:4    | Found a staircase to the Elven Halls.
 28775 | Orc:4    | Noticed an ettin
 28984 | Orc:4    | Killed an ettin
 28984 | Orc:4    | Reached skill level 13 in Spellcasting
 29484 | Orc:4    | Found Maulur's Antique Weapon Shop.
 29494 | Orc:4    | Bought an ancient whip for 195 gold pieces
 29495 | Orc:4    | Identified the +0,+12 whip "Gram" {slash, SInv} (You bought it in a shop on level 4 of the Orcish Mines)
 29869 | Orc:4    | Noticed an ettin
 29900 | Orc:4    | Killed an ettin
 29900 | Orc:4    | Reached XP level 12. HP: 16/74 MP: 10/32
 30218 | Orc:4    | Noticed an ettin
 30221 | Orc:4    | Killed an ettin
 30860 | Orc:4    | Noticed a stone giant
 30863 | Orc:4    | Hit by a large rock thrown by a stone giant

Action                   |  1- 3 |  4- 6 |  7- 9 | 10-12 || total
-------------------------+-------+-------+-------+-------++-------
Melee: Dagger            |   103 |   156 |   177 |    75 ||   511
       Unarmed           |     9 |       |       |       ||     9
       Flail             |       |    14 |     8 |       ||    22
       Whip              |       |       |    26 |     7 ||    33
       Long sword        |       |       |       |    17 ||    17
       Staff             |       |       |       |     2 ||     2
 Cast: Flame Tongue      |    15 |    46 |   207 |   148 ||   416
       Throw Flame       |       |    33 |    97 |   186 ||   316
       Conjure Flame     |       |     6 |    20 |    17 ||    43
       Inner Flame       |       |     2 |     9 |    35 ||    46
       Iskenderun's Myst |       |       |    14 |    38 ||    52
       Fireball          |       |       |       |   145 ||   145
       Mephitic Cloud    |       |       |       |     8 ||     8
Evoke: Wand              |     2 |     1 |    11 |    24 ||    38
       Miscellaneous     |       |       |       |     1 ||     1
  Use: Scroll            |     5 |     4 |    14 |     8 ||    31
 Stab: Sleeping          |     3 |     3 |     2 |       ||     8
